 Dungeon Crawl Stone Soup version 0.20.1-1-g8b1a95d (webtiles) character file.

185 Monsterracer the Chiller (level 5, -2/37 HPs)
             Began as a Barachi Ice Elementalist on Sept 16, 2017.
             Was a Follower of Okawaru.
             Slain by an ogre
             ... wielding a +0 giant club
              (21 damage)
             ... on level 4 of the Dungeon.
             The game lasted 00:06:10 (2754 turns).

Monsterracer the Chiller (Barachi Ice Elementalist) Turns: 2754, Time: 00:06:11

Health: -2/37      AC:  2    Str: 10    XL:     5   Next: 64%
Magic:  8/10       EV: 12    Int: 16    God:    Okawaru [*.....]
Gold:   150        SH:  0    Dex: 12    Spells: 0/10 levels left

rFire    . . .     SeeInvis .   e - -3 club (curse)
rCold    . . .     Gourm    .   (no shield)
rNeg     . . .     Faith    .   a - +0 robe
rPois    +         Spirit   .   (no helmet)
rElec    .         Reflect  .   (no cloak)
rCorr    +         Harm     .   (no gloves)
MR       .....                  (no boots)
Stlth    ++........             d - amulet of regeneration
Regen    0.6/turn               m - ring of poison resistance
MPRegen  0.2/turn               l - ring of resist corrosion

@: slow
A: +LOS, swims, slowness 1, strong legs 1
a: Hop, Heroism, Renounce Religion


You were on level 4 of the Dungeon.
You worshipped Okawaru.
Okawaru was aware of your devotion.
You were not hungry.

You visited 1 branch of the dungeon, and saw 4 of its levels.

You collected 150 gold pieces.

Inventory:

Hand Weapons
 e - a cursed -3 club (weapon)
 f - a +1 dagger of venom
Armour
 a - a +0 robe (worn)
Jewellery
 d - an amulet of regeneration (around neck)
 l - a ring of resist corrosion (right hand)
 m - a ring of poison resistance (left hand)
Potions
 i - a potion of flight {unknown}
 j - a potion of brilliance {unknown}
 k - 2 potions of mutation
Books
 b - a book of Frost

   Spells                             Type                      Level
   a - Freeze                         Ice                          1
   b - Throw Frost                    Conjuration/Ice              2
   c - Ozocubu's Armour               Charms/Ice                   3
   d - Throw Icicle                   Conjuration/Ice              4
   e - Summon Ice Beast               Ice/Summoning                4
Comestibles
 c - 4 bread rations
 g - 5 fruits
 h - 3 royal jellies


   Skills:
 + Level 1.4 Fighting
 - Level 2.1 Dodging
 - Level 1.7 Stealth
 + Level 3.4 Spellcasting
 - Level 1.1 Conjurations
 + Level 0.8 Summonings
 * Level 6.1 Ice Magic


You couldn't memorise any spells.
You knew the following spells:

 Your Spells              Type           Power        Failure   Level  Hunger
a - Freeze                Ice            ###.         1%          1    None
b - Throw Frost           Conj/Ice       ##....       6%          2    ##.....
c - Ozocubu's Armour      Chrm/Ice       ##......     16%         3    ###....
d - Summon Ice Beast      Ice/Summ       ##......     38%         4    ####...


Dungeon Overview and Level Annotations

Branches:
Dungeon (4/15)             Temple (0/1) D:4

Altars:
Okawaru

Shops:
D:4 (


Innate Abilities, Weirdness & Mutations

Shadows flee at your approach. (+LOS)
You can swim through water.
You cover ground slowly.
You can hop short distances.


Message History

Ouch! That really hurt!
* * * LOW HITPOINT WARNING * * *
Huge Dmg: -51%(-19hp) hp: 49%(18hp)
Casting: Freeze
Confirm with . or Enter, or press ? or * to list all spells.
Aiming: Freeze
Press: ? - help, Shift-Dir - straight line, f - ogre
Aim: an ogre, wielding a giant club You freeze the ogre.
The ogre is lightly wounded.
Casting: Freeze
Confirm with . or Enter, or press ? or * to list all spells.
Aiming: Freeze
Press: ? - help, Shift-Dir - straight line, f/p - ogre
Aim: an ogre, wielding a giant club (lightly wounded)
You freeze the ogre.
The ogre is moderately wounded.
The ogre hits you with a giant club!!
Ouch! That really hurt!
You die...

#..####........##..#
....###............#
....#∩'.........#
....###...#....##
#.......####...##
..#....## #....#
.####..# ##...## .##
. ##.# #....##....#
. #.. ##.<@....#
##.# #..O....# ..
#........# #..
#....##..# ..#
...... #.# ...####.
# ....# ## ###.. ##.


You could see an ogre.

Vanquished Creatures
  A jelly (D:3)
  An orc wizard (D:3)
  A worker ant (D:3)
  2 adders (D:3)
  A worm (D:2)
  2 dart slugs (D:1)
  8 orcs (D:3)
  2 ball pythons
  4 giant cockroaches
  3 hobgoblins
  8 jackals (D:1)
  3 quokkas
  8 bats
  2 frilled lizards
  6 goblins
  8 kobolds
  10 rats
70 creatures vanquished.

Notes
Turn   | Place    | Note
-------+----------+-------------------------------------------
     0 | D:1      | Monsterracer the Barachi Ice Elementalist began the quest for the Orb.
     0 | D:1      | Reached XP level 1. HP: 13/13 MP: 3/3
   174 | D:1      | Reached skill level 4 in Ice Magic
   177 | D:1      | Reached XP level 2. HP: 16/19 MP: 0/5
   246 | D:1      | Learned a level 2 spell: Throw Frost
   429 | D:1      | HP: 9/19 [kobold/short sword (3)]
   440 | D:1      | HP: 9/19 [giant cockroach (1)]
   720 | D:1      | Reached XP level 3. HP: 24/24 MP: 3/6
   743 | D:1      | Learned a level 3 spell: Ozocubu's Armour
  1168 | D:1      | Reached skill level 5 in Ice Magic
  1236 | D:2      | HP: 11/24 [quokka (3)]
  1241 | D:2      | HP: 10/24 [poisoned by a goblin]
  1247 | D:2      | HP: 11/24 [poisoned by a goblin]
  1447 | D:2      | Found a faded altar of an unknown god.
  1466 | D:2      | Became a worshipper of Warmaster Okawaru
  1466 | D:2      | Reached * piety under Okawaru
  1745 | D:3      | Reached XP level 4. HP: 30/30 MP: 4/8
  1918 | D:3      | HP: 15/30 [orc (4)]
  1922 | D:3      | HP: 3/30 [orc/war axe (9)]
  1923 | D:3      | Reached XP level 5. HP: 3/35 MP: 0/9
  2179 | D:3      | Learned a level 4 spell: Summon Ice Beast
  2276 | D:3      | Reached skill level 6 in Ice Magic
  2308 | D:3      | Reached skill level 1 in Fighting
  2722 | D:4      | Found a staircase to the Ecumenical Temple.
  2731 | D:4      | Found Raokeiq's Antique Weapon Boutique.
  2749 | D:4      | Noticed an ogre
  2752 | D:4      | HP: 18/37 [ogre/giant club (19)]
  2754 | D:4      | Slain by an ogre

Skill      XL: |  1  2  3  4  5 |
---------------+----------------+-----
Ice Magic      | 4 5 6 |  6.1
Spellcasting   | 3 |  3.4
Fighting       | 1 |  1.4
Dodging        | |  2.1
Stealth        | |  1.7
Conjurations   | |  1.1
Summonings     | |  0.8

Action                   |  1- 3 |  4- 6 || total
-------------------------+-------+-------++-------
Melee: Club              |    67 |    43 ||   110
       Unarmed           |     1 |       ||     1
 Cast: Freeze            |    75 |    43 ||   118
 Abil: Hop               |       |     1 ||     1
  Use: Scroll            |     5 |     2 ||     7
  Eat: Chunk             |     4 |     3 ||     7
Armor: Robe              |    29 |    14 ||    43
Dodge: Dodged            |   130 |    50 ||   180
